 Dungeon Crawl Stone Soup version 0.29.1-15-g9cfb28693d (webtiles) character file.

Game seed: 16935395729257522025

4512 booth the Cleaver (level 10, -14/77 HPs)
             Began as a Demonspawn Gladiator on Apr 22, 2023.
             Was a Believer of Okawaru.
             Demolished by a red ugly thing (17 damage)
             ... on level 8 of the Dungeon on Apr 23, 2023.
             The game lasted 00:51:48 (6191 turns).

booth the Cleaver (Demonspawn Gladiator)            Turns: 6191, Time: 00:51:49

Health: -14/77     AC: 12    Str: 19    XL:     10   Next: 16%
Magic:  10/10      EV: 14    Int: 11    God:    Okawaru [**....]
Gold:   105        SH:  4    Dex: 15    Spells: 9/9 levels left

rFire   . . .      SeeInvis .   a - +0 war axe
rCold   + . .      Faith    .   (no shield)
rNeg    . . .      Spirit   .   H - +0 swamp dragon scales
rPois   +          Reflect  .   c - +0 helmet
rElec   .          Harm     .   p - +1 cloak {Will+}
rCorr   .          Rampage  .   (no gloves)
Will    +....                   t - +0 pair of boots of Darkness {rC+ Int+2}
Stlth   +.........              n - amulet of regeneration
HPRegen 1.02/turn               (no ring)
MPRegen 0.24/turn               (no ring)

@: weakened
A: claws 2, large bone plates 1, ignite blood 2, magic regeneration
a: Renounce Religion, Heroism


You were on level 8 of the Dungeon.
You worshipped Okawaru.
Okawaru was pleased with you.
You visited 2 branches of the dungeon, and saw 9 of its levels.

You collected 330 gold pieces.
You spent 225 gold pieces at shops.

Inventory:

Hand Weapons
 a - a +0 war axe (weapon)
 i - a +0 mace
 u - a +0 flail
 A - a +0 broad axe
Missiles
 d - 4 throwing nets (quivered)
 g - 6 atropa-tipped darts
 l - 34 poisoned darts
 z - a javelin
 F - a curare-tipped dart
 J - a boomerang
Armour
 b - a +0 leather armour
 c - a +0 helmet (worn)
 p - a +1 cloak of willpower (worn)
 r - +0 gold dragon scales
 t - the +0 pair of boots of Darkness (worn) {rC+ Int+2}
   (You found it on level 3 of the Dungeon)

   Int:       It affects your intelligence (+2).
   rC:        It protects you from cold.
 x - a +0 buckler
 H - +0 swamp dragon scales (worn)
 K - the +4 ring mail of Noughts and Crosses {Harm +Blink Str-2}
   (You bought it in a shop on level 4 of the Dungeon)

   Str:       It affects your strength (-2).
   +Blink:    It lets you blink.
   Harm:      It increases damage dealt and taken.
Jewellery
 n - an amulet of regeneration (around neck)
 s - an amulet of the acrobat
 M - a ring of wizardry
Wands
 G - a wand of flame (29)
 L - a wand of digging (6)
Scrolls
 e - a scroll of identify
 j - 2 scrolls of magic mapping
 k - 3 scrolls of fear
 m - 3 scrolls of poison
 o - a scroll of enchant armour {unknown}
 v - a scroll of silence {unknown}
 w - 4 scrolls of amnesia
 y - 4 scrolls of teleportation
 E - 2 scrolls of vulnerability
 I - a scroll of brand weapon {unknown}
Potions
 h - 7 potions of curing
 q - a potion of cancellation
 B - a potion of might
 C - a potion of brilliance {unknown}
 D - a potion of mutation {unknown}


   Skills:
 + Level 6.8 Fighting
 * Level 8.1 Axes
 + Level 6.2 Throwing
 + Level 4.2 Armour
 + Level 6.6 Dodging


You had 9 spell levels left.
You didn't know any spells.
Your spell library contained the following spells:

 Spells                   Type           Power      Damage    Failure   Level
 Magic Dart               Conj           0%         1d3       52%         1
 Ensorcelled Hibernation  Hex/Ice        0%         N/A       65%         2
 Scorch                   Fire           0%         2d5       65%         2
 Searing Ray              Conj           0%         2d4       65%         2
 Spider Form              Tmut/Pois      0%         N/A       87%         3
 Anguish                  Hex/Necr       0%         N/A       99%         4
 Flame Wave               Conj/Fire      0%         2d4       99%         4
 Fulminant Prism          Conj/Hex       0%         3d6       99%         4
 Passage of Golubria      Tloc           0%         N/A       99%         4
 Yara's Violent Unravell  Hex/Tmut       0%         3d3       100%        5
 Tukima's Dance           Hex            Unusable   N/A       N/A         3
 Summon Cactus Giant      Summ           Unusable   N/A       N/A         6

Dungeon Overview and Level Annotations

Branches:
Dungeon (8/15)             Temple (1/1) D:7
   Lair: D:8-11

Altars:
Ashenzari
Cheibriados
Dithmenos
Fedhas
Gozag
Kikubaaqudgha
Makhleb
Nemelex Xobeh
Okawaru
Qazlal
Ru
Sif Muna
Trog
Uskayaw
Vehumet
Wu Jian
Xom
Yredelemnul

Shops:
D:4 [   D:6 *


Innate Abilities, Weirdness & Mutations

You have very sharp fingernails.
You are partially covered in large bone plates. (SH +4)
Your demonic aura often causes spilled blood to erupt in flames.
You regenerate magic rapidly.


Message History

The green ugly thing engulfs you but does no damage.
The green ugly thing is engulfed in blazing flames.
You block the green ugly thing's attack.
You completely miss the green ugly thing.
The green ugly thing is lightly wounded.
You barely miss the green ugly thing. The green ugly thing engulfs you!
The gnoll bouda gazes fiercely through you!
You feel your attacks grow feeble.
The green ugly thing is engulfed in blazing flames.
The green ugly thing kicks you!
You closely miss the green ugly thing.
The green ugly thing is lightly wounded.
You slash the green ugly thing!
The green ugly thing engulfs you but does no damage.
The gnoll bouda gazes fiercely through you!
You feel as though you will be weak longer.
The green ugly thing is engulfed in blazing flames.
The green ugly thing kicks you.
You hit the green ugly thing but do no damage.
The green ugly thing is lightly wounded.
You barely miss the green ugly thing.
You block the green ugly thing's attack.
The green ugly thing basks in the mutagenic energy from its kin and changes!
You closely miss the green ugly thing.
The green ugly thing is lightly wounded.
You barely miss the red ugly thing.
The green ugly thing basks in the mutagenic energy from its kin and changes!
You barely miss the red ugly thing.
The red ugly thing is lightly wounded.
You hit the red ugly thing but do no damage.
The red ugly thing misses you.
You slash the red ugly thing!
The red ugly thing is lightly wounded.
You barely miss the red ugly thing. The red ugly thing claws you!
You are engulfed in flames!!
* * * LOW HITPOINT WARNING * * *
The red ugly thing tail-slaps you!
* * * LOW HITPOINT WARNING * * *
You are engulfed in flames!
You die...

## . .. #. # # .# #..#
.#.# ##.#.#####.. ...
..#.#..#...# #.#
##..#.##.##)###y#...
.####....#..#...@uyyg...
.#........###.###u###...
##..##.####...# Y..
#.#.#†##.###..# ##.#
####)#...####.# (#.#
#.......#.##..# '#.#
#.#..###....#.# ./.#
........##.##.#######
.....................


You could see 2 ugly things, 3 vampire mosquitoes, an ice beast and a gnoll
bouda.

Vanquished Creatures
  Pikel (D:7)
  Joseph (D:7)
  Maggie (D:7)
  Prince Ribbit (D:7)
  Grinder (D:3)
  A hornet (D:8)
  Sigmund (D:2)
  A wraith (D:7)
  A wyvern (D:8)
  A steam dragon (D:8)
  Duvessa (D:7)
  2 water moccasins (D:7)
  An ice beast (D:6)
  A sky beast (D:7)
  3 ogres
  A phantom (D:5)
  2 kobold brigands
  2 necrophages (D:5)
  Blork the orc (D:5)
  2 scorpions
  Dowan (D:7)
  3 howler monkeys
  A crimson imp (D:3)
  3 orc priests
  3 hounds
  Crazy Yiuf (D:3)
  3 iguanas
  6 orc wizards
  Terence (D:2)
  12 gnolls
  12 adders
  2 white imps
  A worm (D:3)
  6 dart slugs
  17 orcs
  9 endoplasms
  6 giant cockroaches
  A goblin (D:4)
  5 hobgoblins
  14 kobolds
  2 quokkas
  5 ball pythons
  7 bats
  10 frilled lizards
  2 goblin skeletons (D:3)
  2 hobgoblin zombies (D:3)
  A kobold zombie (D:3)
  2 orc skeletons (D:3)
  2 orc zombies (D:3)
  4 rats
170 creatures vanquished.

Vanquished Creatures (others)
  7 plants (D:8)
7 creatures vanquished.

Grand Total: 177 creatures vanquished

Notes
Turn   | Place    | Note
-------+----------+-------------------------------------------
     0 | D:1      | booth the Demonspawn Gladiator began the quest for the Orb.
     0 | D:1      | Reached XP level 1. HP: 16/16 MP: 1/1
   309 | D:1      | Gained mutation: You have sharp fingernails. [demonic
                  | ancestry]
   309 | D:1      | Reached XP level 2. HP: 12/22 MP: 2/2
  1008 | D:2      | Reached skill level 3 in Axes
  1106 | D:2      | Reached XP level 3. HP: 28/28 MP: 3/3
  1196 | D:2      | Noticed Sigmund
  1227 | D:2      | Killed Sigmund
  1228 | D:2      | Gained mutation: You have very sharp fingernails. [demonic
                  | ancestry]
  1228 | D:2      | Reached XP level 4. HP: 12/35 MP: 4/4
  1228 | D:2      | Gained mutation: Your demonic aura sometimes causes spilled
                  | blood to erupt in flames. [demonic ancestry]
  1228 | D:2      | Reached XP level 5. HP: 14/41 MP: 5/5
  1294 | D:2      | Noticed Terence
  1319 | D:2      | Killed Terence
  1509 | D:2      | Reached XP level 6. HP: 47/47 MP: 6/6
  1750 | D:3      | Identified the +0 pair of boots of Darkness {rC+ Int+2}
  1821 | D:3      | HP: 2/47 [something/magic dart (7)]
  1826 | D:3      | Reached skill level 4 in Axes
  1914 | D:3      | Found a runed translucent door.
  1915 | D:3      | Noticed Crazy Yiuf
  1925 | D:3      | Killed Crazy Yiuf
  2038 | D:3      | Noticed Grinder
  2041 | D:3      | Paralysed by Grinder for 2 turns
  2060 | D:3      | Paralysed by Grinder for 2 turns
  2085 | D:3      | Killed Grinder
  2086 | D:3      | Reached XP level 7. HP: 27/54 MP: 7/7
  2851 | D:4      | Found Ites Kell's Antique Armour Shoppe.
  3185 | D:5      | Entered Level 5 of the Dungeon
  3216 | D:5      | Reached skill level 5 in Axes
  3216 | D:5      | Gained mutation: You regenerate magic rapidly. [demonic
                  | ancestry]
  3216 | D:5      | Reached XP level 8. HP: 61/61 MP: 8/8
  3241 | D:5      | Reached skill level 5 in Fighting
  3241 | D:5      | Reached skill level 1 in Armour
  3241 | D:5      | Reached skill level 5 in Dodging
  3351 | D:5      | Noticed Blork the orc
  3374 | D:5      | Killed Blork the orc
  3673 | D:5      | Found a broken altar of Ashenzari.
  3881 | D:6      | Found Durunaf's Assorted Antiques.
  4089 | D:6      | Reached skill level 5 in Throwing
  4139 | D:6      | Reached skill level 6 in Axes
  4264 | D:6      | Found a sacrificial altar of Ru.
  4563 | D:4      | Bought a masterwork ring mail for 225 gold pieces
  4563 | D:4      | Identified the +4 ring mail of Noughts and Crosses {Harm
                  | +Blink Str-2} (You bought it in a shop on level 4 of the
                  | Dungeon)
  4758 | D:7      | Found a staircase to the Ecumenical Temple.
  4765 | Temple   | Entered the Ecumenical Temple
  4766 | Temple   | Noticed Zixzytinn the pandemonium lord
  4766 | Temple   | Noticed Bilioq the pandemonium lord
  4767 | Temple   | Noticed a reaper
  4767 | Temple   | Noticed a blizzard demon
  4769 | Temple   | Noticed Guenaxah the pandemonium lord
  4769 | Temple   | Noticed a Brimstone Fiend
  4770 | Temple   | Noticed a cacodemon
  4773 | Temple   | Noticed a blizzard demon
  4810 | Temple   | Noticed an ice devil
  4810 | Temple   | Noticed Ecaunop the pandemonium lord
  4811 | Temple   | Noticed a blizzard demon
  4828 | Temple   | Noticed a sun demon
  4828 | Temple   | Noticed Cateu the pandemonium lord
  4837 | Temple   | Noticed Yhufumoa the pandemonium lord
  4887 | Temple   | Became a worshipper of Warmaster Okawaru
  5015 | D:7      | Noticed Maggie
  5024 | D:7      | Killed Maggie
  5025 | D:7      | Gained mutation: Your demonic aura often causes spilled
                  | blood to erupt in flames. [demonic ancestry]
  5025 | D:7      | Reached XP level 9. HP: 52/69 MP: 9/9
  5152 | D:7      | Noticed Dowan
  5153 | D:7      | Noticed Duvessa
  5157 | D:7      | Killed Dowan
  5167 | D:7      | Killed Duvessa
  5215 | D:7      | Reached * piety under Okawaru
  5344 | D:7      | Noticed Prince Ribbit
  5371 | D:7      | Killed Prince Ribbit
  5372 | D:7      | Reached skill level 7 in Axes
  5634 | D:7      | Noticed Joseph
  5634 | D:7      | Noticed Pikel
  5643 | D:7      | Killed Pikel
  5650 | D:7      | Killed Joseph
  5650 | D:7      | Reached ** piety under Okawaru
  6005 | D:7      | Noticed a rakshasa
  6009 | D:7      | Gained mutation: You are partially covered in large bone
                  | plates. (SH +4) [demonic ancestry]
  6009 | D:7      | Reached XP level 10. HP: 27/77 MP: 10/10
  6011 | D:7      | HP: 2/77 [rakshasa/+0 whip (10)]
  6133 | D:8      | Reached skill level 8 in Axes
  6171 | D:8      | Noticed a brown ugly thing
  6172 | D:8      | Noticed a green ugly thing
  6191 | D:8      | HP: 3/77 [red ugly thing (10)]
  6191 | D:8      | Demolished by a red ugly thing

Illustrated notes

Levels and vault maps discovered:
D:1:      minmay_arrival_diagonal_passages, layout_loops_ring
D:2:      layout_rooms, minmay_split_cup_large, uniq_sigmund, uniq_terence
D:3:      layout_basic, nicolae_tso_besieged_by_evil, minmay_joined_circles,
          uniq_grinder, uniq_crazy_yiuf_cottage
D:4:      layout_rooms, serial_shops, nicolae_shop_behind_doors
D:5:      layout_rooms, mainiacjoe_overflow_24_doors, uniq_blork_the_orc
D:6:      layout_loops_cross, lemuel_doored_altar, serial_shops, shop_fountains
D:7:      layout_loops_corners, minmay_temple_entry_statues, minmay_three_doors,
          uniq_duvessa, uniq_joseph, uniq_pikel, uniq_prince_ribbit1,
          uniq_maggie
D:8:      layout_cave_pods, nzn_hepliaklqana_mist_gate, minmay_misc_feat_rows,
          minmay_shattered_shrine, uniq_grum
Temple:   nicolae_temple_panitentiary

Skill      XL: |  1  2  3  4  5  6  7  8  9 10 |
---------------+-------------------------------+-----
Throwing       | 2 3 4 5 6 |  6.2
Axes           | 3 4 5 6 7 8 |  8.1
Dodging        | 3 4 5 6 |  6.6
Fighting       | 3 4 5 6 |  6.8
Armour         | 2 4 |  4.2

Action                   |  1- 3 |  4- 6 |  7- 9 | 10-12 || total
-------------------------+-------+-------+-------+-------++-------
Melee: War axe           |    92 |   100 |   351 |    52 ||   595
       Punch             |       |       |     3 |     1 ||     4
Throw: Dart              |     4 |     7 |     8 |       ||    19
       Javelin           |     1 |     1 |     1 |       ||     3
  Use: Scroll            |     2 |     2 |     9 |     2 ||    15
       Potion            |     1 |     2 |     2 |     1 ||     6
 Stab: Sleeping          |       |     1 |       |       ||     1
       Invisible         |       |     1 |     1 |       ||     2
Armor: Leather armour    |    35 |    22 |   111 |       ||   168
       Swamp dragon scal |       |       |    26 |    15 ||    41
Dodge: Dodged            |    59 |    64 |   257 |    40 ||   420
Block: Other             |       |       |       |    14 ||    14
